 Dungeon Crawl Stone Soup version bcrawl-1.12-10-g10a67aac0f (webtiles) character file.

Game seed: 16545918244400338598

4186 Banto the Martial Artist (level 10, -10/85 HPs)
             Began as a Purple Draconian Transmuter on June 11, 2019.
             Mangled by a manticore (17 damage)
             ... on level 8 of the Dungeon.
             The game lasted 00:12:10 (9625 turns).

Banto the Martial Artist (DrTm)                     Turns: 9625, Time: 00:12:11

Health: -10/85     AC:  6    Str: 13      XL:     10   Next: 8%
Magic:  9/13       EV: 10    Int: 15      God:
Gold:   603        SH:  0    Dex: 12 (13) Spells: 4/13 levels left

rFire    x . .     SeeInvis .     - Unarmed
rCold    + + +     Gourm    .   (shield currently unavailable)
rNeg     + . .     Faith    .   (armour unavailable)
rPois    +         Spirit   .   (helmet currently unavailable)
rElec    .         Reflect  .   (cloak currently unavailable)
rCorr    .         Harm     .   (gloves currently unavailable)
MR       +....                  (boots currently unavailable)
Stlth    +.........             (no amulet)
HPRegen  0.24/turn              j - ring of positive energy
MPRegen  0.13/turn              (no ring)

@: ice-form, barbed spikes
A: large, (breathe power), unfitting armour, screaming 1, evolution 1, AC +7
a: End Transformation


You were on level 8 of the Dungeon.
You were hungry.
You were a creature of crystalline ice.
You visited 2 branches of the dungeon, and saw 9 of its levels.
You also visited: Sewer.

You collected 603 gold pieces.

Inventory:

Missiles
 a - 649 arrows
Armour
 p - a +1 buckler (melded)
Jewellery
 j - a ring of positive energy (left front paw)
Wands
 f - a wand of polymorph (3)
 u - a wand of random effects (7)
 w - a wand of scattershot (3)
 y - a wand of paralysis (2)
Scrolls
 e - a scroll of blinking
 h - 9 scrolls of teleportation
 n - 2 scrolls of enchant armour
 r - 2 scrolls of remove curse
 z - a scroll of fog {unknown}
Potions
 b - a potion of mutation
 c - 2 potions of lignification
 g - 6 potions of heal wounds
 i - a potion of berserk rage
 k - 2 potions of might
 l - a potion of brilliance
 m - 9 potions of curing
 o - 2 potions of haste
 q - 2 potions of ambrosia {unknown}
 s - 2 potions of flight {unknown}
 t - 3 potions of agility {unknown}
 v - a potion of magic {unknown}
Comestibles
 d - 13 rations {!d}
 x - 11 chunks of flesh


   Skills:
 - Level 1.1 Fighting
 - Level 1.7 Dodging
 - Level 4.0 Shields
 - Level 10.0 Unarmed Combat
 - Level 2.4 Spellcasting
 + Level 9.9 Transmutations
 - Level 3.2 Ice Magic


You had 4 spell levels left.
You knew the following spells:

 Your Spells              Type           Power        Failure   Level  Hunger
b - Sticks to Snakes      Tmut           ####....     1%          2    ###....
c - Spider Form           Tmut/Pois      ###.......   9%          3    ###....
d - Ice Form              Ice/Tmut       ###.....     14%         4    #####..

Your spell library contained the following spells:

 Spells                   Type           Power        Failure   Level  Hunger
 Beastly Appendage        Tmut           ####..       1%          1    #......
 Magic Dart               Conj           #...         22%         1    #......
 Slow                     Hex            #.......     22%         1    #......
 Blink                    Tloc           N/A          32%         2    ###....
 Call Imp                 Summ           #.......     32%         2    ###....
 Conjure Flame            Conj/Fire      #.......     54%         3    ###....
 Mephitic Cloud           Conj/Pois/Air  #.......     54%         3    ###....
 Blade Hands              Tmut           ####......   10%         5    ######.


Dungeon Overview and Level Annotations

Branches:
Dungeon (8/12)             Temple (1/1) D:4
   Lair: D:7-10         Orc: D:8-11

Altars:
Ashenzari
Cheibriados
Dithmenos
Elyvilon
Fedhas
Gozag
Hepliaklqana
Kikubaaqudgha
Lugonu
Makhleb
Nemelex Xobeh
Okawaru
Qazlal
Ru
Sif Muna
Uskayaw
Vehumet
Xom
Yredelemnul
Zin
The Shining One

Annotations:
D:5 2 transporters
D:8 exclusion: manticore


Innate Abilities, Weirdness & Mutations

((You can breathe bolts of dispelling energy.))
((Your rich purple scales are hard. (AC +7)))
You cannot fit into any form of body armour.
((You are cold-blooded and may be slowed by cold attacks.))
((Your tail ends in a poisonous barb.))
You occasionally shout uncontrollably at your foes.
You evolve.


Message History

You turn into a creature of crystalline ice.
Your +1 buckler melds into your body.
You are feeling hungry.
The manticore flicks its tail.
The volley of spikes hits you!
The barbed spikes become lodged in your body.
The barbs in your skin will harm you if you move.
Continue?
The barbed spikes dig painfully into your body as you move.
The manticore bites you! The manticore claws you. x2
Found 25 gold pieces.
You hit the manticore but do no damage. The manticore bites you!!
* * * LOW HITPOINT WARNING * * *
The manticore claws you.
* * * LOW HITPOINT WARNING * * *
The manticore claws you!
* * * LOW HITPOINT WARNING * * *
You pummel the manticore!! You freeze the manticore!
The manticore is heavily wounded.
The manticore bites you!
You die...

##..###'### #...# #.# #
####### #...###.###
....... ##'#.###_..+
....... #....###.###
....... #....# #.# #
.......######...[###'###
...........##...))÷.....
.......Y##.÷'...#.....#.
.......H#####...#.######
.....>... .............+
#####+#.$###...##..#.###
#..#.....+^..#.# #
#..#.....###.#.# #
#..#.....# #.#.# #
#..#.. ... ..#.# #
....#####.###


You could see a manticore.

Vanquished Creatures
  Pikel (D:7)
  A centaur skeleton (D:7)
  A gargoyle (D:5)
  A hippogriff (D:6)
  Prince Ribbit (D:5)
  Sigmund (D:5)
  A hungry ghost (D:7)
  2 phantoms (D:7)
  4 slaves (D:6)
  An orc warrior (D:3)
  2 ice beasts (D:6)
  5 ogres
  3 centaurs
  2 bullfrogs
  A scorpion (D:5)
  2 howler monkeys
  2 crimson imps
  A quasit (D:7)
  2 orc priests
  A bullfrog skeleton (D:7)
  6 hounds
  Ijyb (D:3)
  5 orc wizards
  Jessica (D:2)
  2 iguanas (D:4)
  Terence (D:2)
  8 worker ants
  A howler monkey skeleton (D:6)
  6 river rats (Sewer)
  12 adders
  2 shadow imps
  3 oozes
  An adder skeleton (D:5)
  7 worms
  3 dart slugs
  7 leopard geckos
  34 orcs
  7 ball pythons
  5 giant cockroaches
  9 hobgoblins
  17 jackals
  2 quokkas
  4 bats
  A frilled lizard (D:1)
  7 goblins
  26 kobolds
  A leopard gecko skeleton (D:4)
  27 rats
241 creatures vanquished.

Vanquished Creatures (others)
  An orc wizard (D:4)
1 creature vanquished.

Grand Total: 242 creatures vanquished

Notes
Turn   | Place    | Note
-------+----------+-------------------------------------------
     0 | D:1      | Banto the Draconian Transmuter began the quest for the Orb.
     0 | D:1      | Reached XP level 1. HP: 16/16 MP: 3/3
    48 | D:1      | Reached XP level 2. HP: 17/23 MP: 3/5
   789 | D:1      | Reached XP level 3. HP: 24/28 MP: 6/6
   807 | D:1      | Learned a level 2 spell: Sticks to Snakes
   811 | D:1      | Learned a level 3 spell: Spider Form
  1276 | D:2      | Noticed Jessica
  1289 | D:2      | Killed Jessica
  1289 | D:2      | Reached skill level 4 in Unarmed Combat
  1289 | D:2      | Reached XP level 4. HP: 35/35 MP: 7/7
  1344 | D:2      | Found a burning altar of Makhleb.
  1489 | D:2      | Noticed Terence
  1507 | D:2      | Killed Terence
  2174 | D:3      | Reached XP level 5. HP: 39/40 MP: 8/8
  2344 | D:3      | Noticed Ijyb
  2555 | D:3      | Reached skill level 1 in Shields
  2629 | D:3      | Noticed an orc warrior
  2667 | D:3      | Killed an orc warrior
  2667 | D:3      | Reached skill level 5 in Unarmed Combat
  2667 | D:3      | Reached XP level 6. HP: 13/47 MP: 3/9
  3206 | D:3      | Found a shadowy altar of Dithmenos.
  3497 | D:3      | Killed Ijyb
  3497 | D:3      | Reached skill level 5 in Transmutations
  3581 | D:4      | Your scales start taking on a rich purple colour.
  3581 | D:4      | Reached XP level 7. HP: 51/52 MP: 10/10
  3840 | D:4      | Found an opulent altar of Gozag.
  3848 | D:4      | Found a glowing drain.
  3865 | D:4      | Reached skill level 6 in Unarmed Combat
  3916 | Sewer    | Entered a sewer
  4983 | D:4      | Reached XP level 8. HP: 46/59 MP: 7/11
  5326 | D:4      | Found a staircase to the Ecumenical Temple.
  5364 | Temple   | Entered the Ecumenical Temple
  5552 | D:4      | Found a sparkling altar of Nemelex Xobeh.
  5880 | D:4      | Found a white marble altar of Elyvilon.
  6030 | D:5      | Entered Level 5 of the Dungeon
  6033 | D:5      | Noticed Sigmund
  6044 | D:4      | Reached skill level 7 in Unarmed Combat
  6067 | D:4      | Gained mutation: Your magical capacity is low. (-10% MP)
                  | [potion of mutation]
  6067 | D:4      | Lost mutation: Your magical capacity is low. (-10% MP)
                  | [potion of mutation]
  6067 | D:4      | Gained mutation: You expend magic power (3 MP) to
                  | strengthen your wands. [potion of mutation]
  6068 | D:4      | Lost mutation: You expend magic power (3 MP) to strengthen
                  | your wands. [potion of mutation]
  6068 | D:4      | Gained mutation: You evolve. [potion of mutation]
  6068 | D:4      | Gained mutation: Your tail ends in a poisonous barb.
                  | [potion of mutation]
  6068 | D:4      | Gained mutation: You occasionally shout uncontrollably at
                  | your foes. [potion of mutation]
  6068 | D:4      | Gained mutation: Your spells are a little harder to cast,
                  | but a little more powerful. [potion of mutation]
  6451 | D:5      | Learned a level 4 spell: Ice Form
  6476 | D:5      | Killed Sigmund
  6476 | D:5      | Reached skill level 1 in Ice Magic
  6577 | D:5      | Found a transporter.
  6631 | D:5      | Noticed Prince Ribbit
  6631 | D:5      | Noticed a gargoyle
  6651 | D:5      | Killed Prince Ribbit
  6651 | D:5      | Reached skill level 8 in Unarmed Combat
  6840 | D:5      | Killed a gargoyle
  6840 | D:5      | Reached XP level 9. HP: 38/64 MP: 8/12
  6945 | D:5      | Found a transporter.
  7455 | D:6      | Reached skill level 9 in Unarmed Combat
  8120 | D:6      | Lost mutation: Your spells are a little harder to cast, but
                  | a little more powerful. [evolution]
  8211 | D:7      | Found a stormy altar of Qazlal.
  8241 | D:7      | Noticed Pikel
  8648 | D:7      | Paralysed by Pikel for 4 turns
  8670 | D:7      | Killed Pikel
  8717 | D:7      | Found a shattered altar of Ashenzari.
  9018 | D:7      | Found a shimmering altar of Xom.
  9023 | D:7      | Found a glowing golden altar of the Shining One.
  9026 | D:7      | Found an iron altar of Okawaru.
  9092 | D:7      | Reached XP level 10. HP: 71/71 MP: 5/13
  9194 | D:7      | Reached skill level 10 in Unarmed Combat
  9555 | D:8      | Noticed a manticore
  9568 | D:8      | Found a hide-covered altar of Uskayaw.
  9625 | D:8      | Mangled by a manticore

Skill      XL: |  1  2  3  4  5  6  7  8  9 10 |
---------------+-------------------------------+-----
Transmutations | 3 4 5 6 7 9 |  9.9
Unarmed Combat | 4 5 6 8 9 10 | 10.0
Shields        | 2 4 |  4.0
Ice Magic      | 3 |  3.2
Fighting       | |  1.1
Dodging        | |  1.7
Spellcasting   | |  2.4

Action                   |  1- 3 |  4- 6 |  7- 9 | 10-12 || total
-------------------------+-------+-------+-------+-------++-------
Melee: Unarmed           |    53 |     8 |   320 |    49 ||   430
       Kick              |     4 |       |       |       ||     4
       Dagger            |    58 |   181 |   234 |       ||   473
       Tailslap          |     6 |    27 |    47 |     3 ||    83
       Punch             |     2 |     3 |       |       ||     5
 Cast: Beastly Appendage |     3 |       |       |       ||     3
       Spider Form       |       |     1 |    11 |       ||    12
       Ice Form          |       |       |     3 |     3 ||     6
       Sticks to Snakes  |       |       |     4 |       ||     4
 Abil: Breathe Dispellin |       |       |     5 |       ||     5
       End Transformatio |       |       |     2 |       ||     2
Evoke: Wand              |       |       |     1 |       ||     1
  Use: Scroll            |     1 |     8 |     6 |       ||    15
       Potion            |       |     1 |     3 |       ||     4
 Stab: Sleeping          |     2 |     1 |     2 |       ||     5
       Distracted        |       |       |     1 |       ||     1
  Eat: Chunk             |     1 |     8 |    23 |     2 ||    34
Armor: Skin              |    33 |    37 |   102 |     6 ||   178
Dodge: Dodged            |    74 |   101 |   284 |    21 ||   480
Block: Buckler           |       |    21 |    77 |     9 ||   107
